 Dungeon Crawl Stone Soup version 0.30-a0-859-gf88a04b62d (webtiles) character file.

Game seed: 15908361292139616096

1308 MacCMillion the Skirmisher (level 8, 0/39 HPs)
             Began as a Spriggan Hunter on Mar 6, 2023.
             Slain by an unseen horror (7 damage)
             ... on level 5 of the Dungeon.
             The game lasted 00:07:43 (4795 turns).

MacCMillion the Skirmisher (Spriggan Hunter)        Turns: 4795, Time: 00:07:44

Health: 0/39       AC:  6    Str:  7    XL:     8   Next: 32%
Magic:  9/9        EV: 18    Int: 11    God:
Gold:   247        SH:  0    Dex: 20    Spells: 7/7 levels left

rFire   . . .      SeeInvis +    a - +0 shortbow
rCold   . . .      Faith    .    (shield currently unavailable)
rNeg    . . .      Spirit   .    c - +0 robe
rPois   .          Reflect  .    (helmet restricted)
rElec   .          Rampage  .    (no cloak)
rCorr   .                        (gloves unavailable)
Will    +....                    (boots unavailable)
Stlth   +++                      (no amulet)
HPRegen 0.26/turn                u - +4 ring of protection
MPRegen 0.11/turn                i - ring of flight

@: about to teleport, flying, very quick
A: very small, no large weapons, unfitting armour, see invisible, speed 3
a: no special abilities


You were on level 5 of the Dungeon.
You visited 1 branch of the dungeon, and saw 6 of its levels.

You collected 247 gold pieces.

Inventory:

Hand Weapons
 a - a +0 shortbow (weapon)
Armour
 c - a +0 robe (worn)
Jewellery
 h - a ring of fire
 i - a ring of flight (right hand)
 m - an amulet of magic regeneration
 p - a +6 ring of intelligence
 u - a +4 ring of protection (left hand)
Scrolls
 b - 2 scrolls of immolation
 d - a scroll of vulnerability {unknown}
 e - a scroll of teleportation
 g - 6 scrolls of identify {unknown}
 k - a scroll of torment {unknown}
 q - a scroll of poison {unknown}
 r - a scroll of amnesia {unknown}
 s - a scroll of fear {unknown}
Potions
 f - 2 potions of heal wounds {unknown}
 j - 4 potions of might {unknown}
 l - a potion of lignification {unknown}
 n - 2 potions of flight {unknown}
 o - 2 potions of haste {unknown}
 t - a potion of curing {unknown}


   Skills:
 + Level 2.2 Fighting
 - Level 10.5 Ranged Weapons
 - Level 2.7 Dodging
 - Level 4.0 Stealth


You had 7 spell levels left.
You didn't know any spells.
Your spell library contained the following spells:

 Spells                   Type           Power      Damage    Failure   Level
 Kiss of Death            Conj/Necr      0%         2d5       34%         1
 Slow                     Hex            0%         N/A       34%         1
 Confusing Touch          Hex            0%         N/A       71%         3
 Vampiric Draining        Necr           0%         2d6       71%         3
 Dispel Undead            Necr           0%         3d6       98%         4
 Blade Hands              Tmut           0%         N/A       100%        5
 Irradiate                Conj/Tmut      0%         3d11      100%        5
 Dragon Form              Tmut           0%         N/A       100%        7


Dungeon Overview and Level Annotations

Branches:
Dungeon (6/15)
 Temple: D:4-7

Altars:
Gozag
Hepliaklqana
Uskayaw

Annotations:
D:4 3 runed translucent doors, flt's ghost, amateur DgTm


Innate Abilities, Weirdness & Mutations

You are very small and have problems with some larger weapons.
You are too small for most types of armour.
You have supernaturally acute eyesight. (SInv)
You cover ground extremely quickly. (Speed+++)


Message History

The unseen horror is lightly wounded.
The unseen horror completely misses you.
You shoot an arrow. The arrow hits the unseen horror.
The unseen horror is moderately wounded.
The unseen horror barely misses you.
You shoot an arrow.
The arrow closely misses the unseen horror.
The unseen horror hits you.
You shoot an arrow. The arrow hits the unseen horror!
The unseen horror is heavily wounded.
The unseen horror hits you! x2
You are too injured to fight recklessly!
You are too injured to fight recklessly!
The unseen horror attacks as you move away!
The unseen horror misses you. The unseen horror closely misses you.
The unseen horror attacks as you move away!
The unseen horror misses you. The unseen horror hits you.
The unseen horror misses you.
Things that are here:
a +0 leather armour; a +0 club The unseen horror attacks as you move away!
The unseen horror completely misses you.
The unseen horror hits you but does no damage.
The unseen horror attacks as you move away!
The unseen horror barely misses you.
As you read the scroll labelled IMMYX JISAGH, it crumbles to dust.
You feel strangely unstable.
It was a scroll of teleportation.
The unseen horror hits you. x2
The unseen horror hits you.
* * * LOW HITPOINT WARNING * * *
The unseen horror hits you but does no damage.
The unseen horror barely misses you.
The unseen horror attacks as you move away!
The unseen horror closely misses you.
You see here a +0 spear.
The unseen horror closely misses you.
The unseen horror attacks as you move away!
The unseen horror hits you!
You die...

####.# ##.# #.# #.#
#..# ##.# ### #.# #.##
#..# ..## #.# #<# #.##
##.## #.#### #.# #.#
###.## #....# #.# #.#
.###.# ####.# #.# #.#
#.##.# #x# #.# #.#
##.#.# #@# #.# #.#
##..# #)# #.# #.#
##.[.# #.# #.# #.#
#)#..# #.# #.# #.#
.##..# #.# #.# #.#
###..###########.####.#
#.# #
#...................#
#.# #
#.############.######
#.# # #...........##.#
#.####


You could see an unseen horror (invisible).

Vanquished Creatures
  Grinder (D:3)
  Sigmund (D:2)
  A water moccasin (D:6)
  A black bear (D:4)
  3 scorpions
  A howler monkey (D:5)
  A gnoll bouda (D:5)
  2 orc priests (D:5)
  A jelly (D:6)
  Jessica (D:3)
  An iguana (D:4)
  Terence (D:2)
  4 orc wizards
  2 gnolls (D:5)
  12 adders
  An ufetubus (D:4)
  A worm (D:2)
  7 dart slugs
  14 orcs
  10 endoplasms
  5 giant cockroaches
  4 hobgoblins
  5 kobolds
  4 quokkas
  8 ball pythons
  6 bats
  2 frilled lizards
  9 goblins
  9 rats
118 creatures vanquished.

Notes
Turn   | Place    | Note
-------+----------+-------------------------------------------
     0 | D:1      | MacCMillion the Spriggan Hunter began the quest for the
                  | Orb.
     0 | D:1      | Reached XP level 1. HP: 10/10 MP: 2/2
   192 | D:1      | Reached XP level 2. HP: 14/14 MP: 3/3
   414 | D:1      | Found a hide-covered altar of Uskayaw.
   587 | D:1      | Reached XP level 3. HP: 18/18 MP: 4/4
  1079 | D:2      | Noticed Terence
  1109 | D:2      | Killed Terence
  1110 | D:2      | Reached skill level 5 in Ranged Weapons
  1110 | D:2      | Reached XP level 4. HP: 22/22 MP: 5/5
  1220 | D:2      | Noticed Sigmund
  1244 | D:2      | Killed Sigmund
  1245 | D:2      | Reached skill level 6 in Ranged Weapons
  1245 | D:2      | Reached XP level 5. HP: 25/25 MP: 6/6
  1474 | D:3      | Reached XP level 6. HP: 30/30 MP: 7/7
  1773 | D:3      | Reached skill level 7 in Ranged Weapons
  2093 | D:3      | Noticed Jessica
  2101 | D:3      | Killed Jessica
  2654 | D:4      | Reached skill level 8 in Ranged Weapons
  2688 | D:4      | Noticed Grinder
  2726 | D:4      | Paralysed by Grinder for 2 turns
  2801 | D:3      | Paralysed by Grinder for 2 turns
  2836 | D:3      | Paralysed by Grinder for 4 turns
  2902 | D:3      | Killed Grinder
  2903 | D:3      | Reached XP level 7. HP: 21/33 MP: 8/8
  3056 | D:4      | Reached skill level 9 in Ranged Weapons
  3223 | D:4      | Found the +10 zealot's sword {holy, Zealotry, *Rage rN+
                  | EV+3}
  3289 | D:4      | Found a runed translucent gate.
  3289 | D:4      | Found a runed translucent gate.
  3289 | D:4      | Found a runed translucent gate.
  3291 | D:4      | Found an opulent altar of Gozag.
  3293 | D:4      | Noticed flt's ghost (amateur DgTm)
  3354 | D:4      | Found a hazy altar of Hepliaklqana.
  3544 | D:5      | Entered Level 5 of the Dungeon
  3714 | D:5      | Reached XP level 8. HP: 25/37 MP: 9/9
  3874 | D:5      | Reached skill level 10 in Ranged Weapons
  4613 | D:6      | Noticed an unseen horror
  4795 | D:5      | Slain by an unseen horror

Illustrated notes

Levels and vault maps discovered:
D:1:      dpeg_arrival_windows_large_door, layout_basic, minmay_hexomino_r4
D:2:      layout_basic, uniq_terence, uniq_sigmund
D:3:      layout_basic, serial_park_tiny_pond, due_unseen_surprise, uniq_jessica
D:4:      layout_rooms, kennysheep_mini, ebering_ghost_gozag, minmay_cupped,
          uniq_grinder
D:5:      layout_loops_ring
D:6:      layout_basic, minmay_temple_entry_stoned_glass,
          chequers_serial_rivers_room_b, uniq_crazy_yiuf_cottage

Skill      XL: |  1  2  3  4  5  6  7  8 |
---------------+-------------------------+-----
Stealth        | 2 3 4 |  4.0
Ranged Weapons | 5 6 8 9 10 | 10.5
Fighting       | 2 |  2.2
Dodging        | |  2.7

Action                     |  1- 3 |  4- 6 |  7- 9 || total
---------------------------+-------+-------+-------++-------
   Fire: Shortbow          |    98 |   169 |   150 ||   417
    Use: Scroll            |       |       |     1 ||     1
 Armour: Robe              |     4 |     3 |    10 ||    17
  Dodge: Dodged            |    22 |    24 |    55 ||   101

Table legend: (Time is in decaauts)
 A = Elapsed time spent in this place.
 B = Non-inter-level travel time spent in this place.
 C = Inter-level travel time spent in this place.
 D = Time resting spent in this place.
 E = Time spent auto-exploring this place.
 F = Levels seen in this place.
 G = Mean time per level.
                   A        B        C        D        E       F      G
               +--------+--------+--------+--------+--------+-----+--------+
         Total |   3485 |   3365 |    120 |    569 |   1970 |   6 |  580.8 |
       Dungeon |   3485 |   3365 |    120 |    569 |   1970 |   6 |  580.8 |
               +--------+--------+--------+--------+--------+-----+--------+

Top non-repeatable levels by time:
     D:3: 1022 daAuts
     D:4: 818 daAuts
     D:5: 634 daAuts
     D:1: 548 daAuts
     D:2: 367 daAuts
     D:6: 93 daAuts
